 Dungeon Crawl Stone Soup version 0.31.0-32-g396128a36d (webtiles) character file.

Game seed: 7066722113588308173

9440 safid the Grappler (level 11, -5/84 HPs)
             Began as a Grey Draconian Shapeshifter on Mar 21, 2024.
             Was a High Priest of Okawaru.
             Slain by a balrug
             ... wielding a +0 demon whip
              (19 damage)
             ... in a Gauntlet on Mar 22, 2024.
             The game lasted 00:18:33 (9291 turns).

safid the Grappler (Grey Draconian Shapeshifter)    Turns: 9291, Time: 00:18:36

Health: -5/84      AC: 12    Str: 21    XL:     11   Next: 23%
Magic:  7/11       EV: 12    Int: 11    God:    Okawaru [*****.]
Gold:   263        SH:  0    Dex: 16    Spells: 10/10 levels left

rFire   . .          .
                       - Unarmed
rCold   . . .        (no shield)
rNeg    . . .        (body armour unavailable)
rPois   +            (helmet currently unavailable)
rElec   .            (cloak currently unavailable)
rCorr   +            (gloves currently unavailable)
SInv    .            (boots currently unavailable)
Will    .....        D - amulet of regeneration
Stlth   +            l - ring "Sera" {*Slow rCorr Dex+6 Slay+3}
HPRegen 1.14/turn    y - ring of poison resistance
MPRegen 0.12/turn

%: no teleportation, slow self (1%)
@: on fire, beast-form, glowing
A: beast (slay +4), AC +12, amphibious, unfitting armour, cold-blooded
a: Begin Untransformation, Renounce Religion, Heroism, Finesse, Duel


You were in a Gauntlet.
You worshipped Okawaru.
Okawaru was extremely pleased with you.
You were a hulking beast.
You visited 2 branches of the dungeon, and saw 12 of its levels.
You also visited: Gauntlet.

You collected 735 gold pieces.
You spent 472 gold pieces at shops.

Inventory:

Missiles
 n - 4 javelins (quivered)
Jewellery
 l - the ring "Sera" (left hand) {*Slow rCorr Dex+6 Slay+3}
   (You found it on level 2 of the Dungeon)

   [ring of resist corrosion]

   Dex+6:     It affects your dexterity (+6).
   Slay+3:    It affects your accuracy & damage with ranged weapons and melee
   (+3).
   rCorr:     It protects you from acid and corrosion.
   *Slow:     It may slow you when you take damage.
 y - a ring of poison resistance (right hand)
 B - a ring of protection from fire
 D - an amulet of regeneration (around neck)
Talismans
 b - a beast talisman
 c - a flux talisman
Wands
 f - a wand of flame (24)
 s - a wand of mindburst (14)
Scrolls
 d - 5 scrolls of fear
 k - 4 scrolls of enchant armour
 p - a scroll of amnesia
 q - 3 scrolls of teleportation
 u - a scroll of revelation
 v - 2 scrolls of blinking
 x - a scroll of fog
 C - a scroll of immolation {unknown}
Potions
 a - 2 potions of lignification
 e - 2 potions of curing
 h - a potion of magic
 i - a potion of invisibility {unknown}
 j - 4 potions of haste
 m - a potion of resistance
 o - 2 potions of enlightenment {unknown}
 r - a potion of attraction {unknown}
 t - 2 potions of mutation
 w - 2 potions of might
 z - a potion of brilliance {unknown}
 A - a potion of heal wounds


   Skills:
 + Level 4.1 Fighting
 - Level 2.0 Dodging
 + Level 14.6 Unarmed Combat
 + Level 0.2 Invocations
 * Level 9.1 Shapeshifting


You had 10 spell levels left.
You didn't know any spells.
Your spell library contained the following spells:

 Spells                   Type           Power      Damage    Failure   Level
 Ensorcelled Hibernation  Hex/Ice        0%         N/A       47%         2
 Jinxbite                 Hex            0%         N/A       47%         2
 Passwall                 Erth           0%         N/A       71%         3
 Swiftness                Air            0%         N/A       71%         3
 Vhi's Electric Charge    Tloc/Air       0%         N/A       98%         4
 Arcjolt                  Conj/Air       0%         1d10      100%        5
 Yara's Violent Unravell  Hex/Alch       0%         3d3       100%        5
 Enfeeble                 Hex            0%         N/A       100%        7
 Maxwell's Capacitive Co  Air            0%         ∞         100%        8


Dungeon Overview and Level Annotations

Branches:
Dungeon (11/15)            Temple (1/1) D:4            Lair (0/5) D:11
    Orc (0/2) D:9         Gauntlet (1/1)

Altars:
Ashenzari
Cheibriados
Dithmenos
Elyvilon
Fedhas
Gozag
Hepliaklqana
Kikubaaqudgha
Makhleb
Nemelex Xobeh
Okawaru
Qazlal
Ru
Sif Muna
Trog
Uskayaw
Vehumet
Wu Jian
Xom
Yredelemnul
Zin
The Shining One

Shops:
D:5 :?[   D:8 !

Annotations:
Gauntlet 7 transporters, exclusion: ice statue


Innate Abilities, Weirdness & Mutations

You are a hulking beast.
Your limbs bulge with bestial killing power. (Slay +4)
Your dull iron-grey scales are very hard. (AC +12)
You are amphibious.
You cannot fit into any form of body armour.
You are cold-blooded and may be slowed by cold attacks.


Message History

You destroy the large abomination!
Okawaru is honoured by your kill.
Your resistance to elements expires.
You feel like a meek peon again.
d - 5 scrolls of fear (gained 1)
Your hands slow down.
The hell hound barks!
There is a transporter here.
e - 2 potions of curing (gained 1)
There is a transporter here.
There is a transporter here.
There is a transporter here.
You enter the transporter and appear at another place.
There is a transporter here.
You enter the transporter and appear at another place.
The balrug gestures at you. The pyre arrow hits you.
You are covered in intense liquid fire!
Unknown command.
You shake off some of the fire as you move.
The liquid fire burns you! The hell hound bites you.
You hit the balrug. You tail-slap the balrug!
The balrug is lightly wounded.
The liquid fire burns you! The hell hound breathes flames at you.
The blast of flame hits you. The balrug gestures at you.
The fireball explodes!
The fireball engulfs you!!
* * * LOW HITPOINT WARNING * * *
The fireball engulfs the balrug.
The balrug completely resists.
The fireball engulfs the hell hound.
The hell hound completely resists.
Unknown command.
Unknown command.
You feel much better. The liquid fire burns you! The hell hound bites you!
The balrug hits you with a +0 demon whip!
* * * LOW HITPOINT WARNING * * *
You are engulfed in flames!!
You die...

##########################
........................≈#
.........................###
#########...###########..#8#
........#.8.#.........#..###
#.#.#.#.#...#.........#..#
.#.#.#..#####.........#..#####
#.#.#.#.#...#..2.....!#..#≈8≈#
.#.©.#.©#©.§#..hh©...©#..#...#
#.#.#.#.#...#........"#..#.8.#
.#.#.#..#####........|#..#...##
#.#.#.#.#...#.........#.§#.8...
........#...#.........#.§#...##
#########...###########..#...#
..........≈.............≈#.©.##
.........≈8§............∩#.....
..........≈.............≈#.©.##


You could see a balrug and a hell hound (catching breath).

Vanquished Creatures
  A two-headed ogre (D:9)
  A large abomination (Gauntlet)
  Psyche (D:8)
  5 trolls
  Grinder (D:3)
  4 centaur simulacra (Gauntlet)
  A shadow (D:10)
  2 wyverns
  3 steam dragons
  Menkaure (D:4)
  An acid dragon (D:8)
  A water moccasin (D:8)
  3 black bears
  6 orc warriors
  2 sky beasts
  2 ice beasts
  6 small abominations (Gauntlet)
  3 centaurs
  2 kobold brigands
  3 bullfrogs
  A gnoll sergeant (D:9)
  2 scorpions
  26 killer bees
  3 electric eels (D:6)
  9 howler monkeys
  A wyvern simulacrum (Gauntlet)
  A bombardier beetle (D:5)
  4 gnoll boudas
  3 hounds
  A jelly (D:5)
  A sleepcap (D:5)
  2 orc priests
  4 iguanas
  9 orc wizards
  22 gnolls
  8 adders
  2 shadow imps
  2 white imps (D:6)
  6 ribbon worms
  2 dart slugs
  26 orcs
  6 ball pythons
  4 endoplasms
  6 giant cockroaches
  6 goblins
  9 hobgoblins
  20 kobolds
  2 quokkas
  3 bats
  2 frilled lizards
  8 rats
  A butterfly (D:4)
251 creatures vanquished.

Notes
Turn   | Place    | Note
-------+----------+-------------------------------------------
     0 | D:1      | safid the Draconian Shapeshifter began the quest for the
                  | Orb.
     0 | D:1      | Reached XP level 1. HP: 16/16 MP: 1/1
   186 | D:1      | Reached XP level 2. HP: 22/23 MP: 2/2
   865 | D:2      | Reached XP level 3. HP: 26/28 MP: 3/3
  1008 | D:2      | Identified the ring "Sera" {*Slow rCorr Dex+6 Slay+3}
  1306 | D:2      | Reached XP level 4. HP: 31/35 MP: 4/4
  1352 | D:2      | Reached skill level 4 in Unarmed Combat
  1778 | D:3      | Reached XP level 5. HP: 38/40 MP: 5/5
  1877 | D:3      | Noticed Grinder
  1890 | D:3      | Killed Grinder
  1891 | D:3      | Reached skill level 5 in Unarmed Combat
  1891 | D:3      | Reached XP level 6. HP: 36/47 MP: 6/6
  2331 | D:3      | Reached skill level 6 in Unarmed Combat
  2487 | D:4      | Found a staircase to the Ecumenical Temple.
  2492 | Temple   | Entered the Ecumenical Temple
  2514 | Temple   | Became a worshipper of Warmaster Okawaru
  2565 | D:4      | Noticed Menkaure
  2571 | D:4      | Killed Menkaure
  2572 | D:4      | Reached skill level 5 in Shapeshifting
  2572 | D:4      | Your scales start taking on a dull iron-grey colour.
  2572 | D:4      | Reached XP level 7. HP: 38/53 MP: 7/7
  2855 | D:4      | Found a broken altar of Ashenzari.
  3010 | D:4      | Found a sparkling altar of Nemelex Xobeh.
  3010 | D:4      | Found an ornate altar of the Wu Jian Council.
  3210 | D:5      | Entered Level 5 of the Dungeon
  3217 | D:5      | Reached * piety under Okawaru
  3218 | D:5      | Reached skill level 7 in Unarmed Combat
  3358 | D:5      | Reached XP level 8. HP: 48/61 MP: 8/8
  3425 | D:5      | Reached skill level 8 in Unarmed Combat
  3730 | D:5      | Found Irhe's Magic Scroll Shop.
  3735 | D:5      | Bought a scroll of identify for 30 gold pieces
  3735 | D:5      | Bought a scroll of identify for 30 gold pieces
  3735 | D:5      | Bought a scroll of teleportation for 45 gold pieces
  3802 | D:5      | Found Nora's Antique Armour Boutique.
  3923 | D:5      | Found Queptiush's Book Shoppe.
  4068 | D:6      | Reached ** piety under Okawaru
  4483 | D:6      | Reached skill level 9 in Unarmed Combat
  4984 | D:5      | Bought a scroll of teleportation for 45 gold pieces
  4984 | D:5      | Bought a scroll of revelation for 112 gold pieces
  5499 | D:7      | Reached XP level 9. HP: 65/68 MP: 9/9
  5553 | D:7      | Reached skill level 10 in Unarmed Combat
  5684 | D:7      | Reached *** piety under Okawaru
  5700 | D:7      | Found a burning altar of Makhleb.
  5719 | D:7      | Found a shadowy altar of Dithmenos.
  5993 | D:7      | Found a hazy altar of Hepliaklqana.
  6218 | D:8      | Found Muamurol's Distillery.
  6250 | D:8      | Noticed Psyche
  6574 | D:8      | Reached skill level 11 in Unarmed Combat
  6750 | D:8      | Reached **** piety under Okawaru
  6813 | D:8      | Killed Psyche
  6906 | D:8      | Bought a potion of heal wounds for 70 gold pieces
  6906 | D:8      | Bought a potion of heal wounds for 70 gold pieces
  6906 | D:8      | Bought a potion of heal wounds for 70 gold pieces
  7070 | D:9      | Reached XP level 10. HP: 75/77 MP: 10/10
  7084 | D:9      | Noticed a two-headed ogre
  7093 | D:9      | Killed a two-headed ogre
  7094 | D:9      | Reached skill level 12 in Unarmed Combat
  7172 | D:9      | Reached ***** piety under Okawaru
  7416 | D:9      | Found a blossoming altar of Fedhas.
  7453 | D:9      | Reached skill level 13 in Unarmed Combat
  7859 | D:9      | Found a staircase to the Orcish Mines.
  8257 | D:10     | Entered Level 10 of the Dungeon
  8379 | D:10     | Found a stormy altar of Qazlal.
  8560 | D:10     | Found a white marble altar of Elyvilon.
  8718 | D:10     | Reached skill level 14 in Unarmed Combat
  8793 | D:10     | Reached XP level 11. HP: 61/84 MP: 11/11
  8944 | D:11     | Found a gate leading to a gauntlet.
  8950 | Gauntlet | Entered a Gauntlet
  8950 | Gauntlet | Found a transporter.
  8950 | Gauntlet | Found a transporter.
  8950 | Gauntlet | Found a transporter.
  8950 | Gauntlet | Found a transporter.
  8970 | Gauntlet | Found a transporter.
  8980 | Gauntlet | Found a transporter.
  8984 | Gauntlet | Found a transporter.
  8988 | Gauntlet | Noticed a great orb of eyes
  8989 | Gauntlet | Noticed a brown ugly thing
  8989 | Gauntlet | Noticed a cyan ugly thing
  8996 | Gauntlet | Found a transporter.
  9015 | Gauntlet | Noticed a balrug
  9016 | Gauntlet | Found a transporter.
  9033 | Gauntlet | Found a transporter.
  9037 | Gauntlet | Found a transporter.
  9041 | Gauntlet | Noticed a large abomination
  9047 | Gauntlet | Found a transporter.
  9222 | Gauntlet | Reached ****** piety under Okawaru
  9258 | Gauntlet | Received a gift from Okawaru
  9269 | Gauntlet | Killed a large abomination
  9291 | Gauntlet | Slain by a balrug

Illustrated notes

Levels and vault maps discovered:
D:1:      elethiomel_arrival_maze, layout_rooms, grunt_decor_junction,
          serial_bayou_lagoon_a, chequers_serial_rivers_small_b, minivault_23,
          minmay_misc_feat_columns
D:2:      layout_loops_ring, minmay_misc_feat_chi, wad_floor_pattern_untrapped
D:3:      cheibrodos_thug_alley, layout_loops_ring, uniq_grinder
D:4:      layout_loops_ring, nicolae_overflow_two_pavilions,
          evilmike_ruin_ashenzari, minmay_temple_entry_butterflies,
          chequers_serial_rivers_micro_a, uniq_menkaure
D:5:      layout_loops_ring, serial_shops, shop, shop, shop,
          minmay_joined_circles
D:6:      layout_loops_ring, serial_bayou_lagoon_b
D:7:      layout_loops_ring, mainiacjoe_overflow_small_starburst,
          nicolae_dithmenos_through_a_glass_darkly, kennysheep_mini,
          minmay_stone_trees_small
D:8:      layout_rooms, serial_shops, nicolae_shop_advertising_works
          [nicolae_subvault_shop_adworks], uniq_psyche
D:9:      layout_roguey, fedhas_ov_isle_minmay, david_orc_4
D:10:     layout_roguey, grunt_qazlal_clouds, kennysheep_mini_moat
D:11:     layout_irregular_city, erik_lair_island, gauntlet_entry_generic,
          hellmonk_okawaru_the_only_friend_you_need, uniq_snorg, uniq_grum
Temple:   compressed_dpeg_triangle_lava_temple
Gauntlet: gammafunk_gauntlet_hard_choice [nicolae_gauntlet_arena_grate_2,
          gammafunk_gauntlet_arena_crates, gammafunk_gauntlet_arena_grid,
          gammafunk_gauntlet_arena_mazey, gammafunk_gauntlet_arena_open,
          gammafunk_gauntlet_arena_teeth, gauntlet_exit_watery]

Skill      XL: |  1  2  3  4  5  6  7  8  9 10 11 |
---------------+----------------------------------+-----
Dodging        | 2 |  2.0
Unarmed Combat | 4 5 6 7 9 11 14 | 14.6
Shapeshifting  | 4 5 6 8 9 |  9.1
Fighting       | 2 3 4 |  4.1
Invocations    | |  0.2

Action                     |  1- 3 |  4- 6 |  7- 9 | 10-12 || total
---------------------------+-------+-------+-------+-------++-------
  Melee: Unarmed           |    82 |    98 |   222 |   204 ||   606
         Tailslap          |     7 |    13 |    32 |    27 ||    79
         Punch             |     4 |     6 |    15 |    10 ||    35
 Invoke: Heroism           |       |       |       |     1 ||     1
         Finesse           |       |       |       |     1 ||     1
    Use: Scroll            |       |       |    16 |     3 ||    19
         Potion            |       |       |     2 |     5 ||     7
   Stab: Sleeping          |     3 |       |     2 |       ||     5
         Distracted        |       |       |       |     1 ||     1
 Armour: Skin              |    40 |    38 |   136 |   150 ||   364
  Dodge: Dodged            |    46 |    41 |   117 |   169 ||   373
